 Dungeon Crawl Stone Soup version 0.28-b1-25-g9875b3fc8c (webtiles) character file.

Game seed: 2328360760442678311

72 belegose the Skirmisher (level 4, -4/35 HPs)
             Began as a Demonspawn Cinder Acolyte on Feb 1, 2022.
             Was a High Priest of Ignis.
             Slain by an ogre (17 damage)
             ... on level 4 of the Dungeon.
             The game lasted 00:05:30 (2152 turns).

belegose the Skirmisher (Demonspawn Cinder Acolyte) Turns: 2152, Time: 00:05:31

Health: -4/35      AC:  8    Str: 14    XL:     4   Next: 6%
Magic:  5/5        EV: 12    Int: 15    God:    Ignis [*****.]
Gold:   62         SH:  0    Dex: 11    Spells: 5/5 levels left

rFire   + . .      SeeInvis +   a - -1 mace (flame)
rCold   . . .      Faith    .   (no shield)
rNeg    . . .      Spirit   .   l - +0 scale mail
rPois   .          Reflect  .   (no helmet)
rElec   .          Harm     .   j - +0 cloak
rCorr   .          Rampage  .   (no gloves)
Will    .....                   c - +0 pair of boots
Stlth   ..........              (no amulet)
HPRegen 0.11/turn               e - ring of see invisible
MPRegen 0.09/turn               (no ring)

@: about to teleport
A: repulsion field 2
a: Renounce Religion, Fiery Armour, Foxfire Swarm, Rising Flame


You were on level 4 of the Dungeon.
You worshipped Ignis.
Ignis was extremely pleased with you.
You visited 1 branch of the dungeon, and saw 3 of its levels.

You collected 62 gold pieces.

Inventory:

Hand Weapons
 a - a -1 mace of flaming (weapon)
Missiles
 b - 63 stones (quivered)
 k - 5 poisoned darts
Armour
 c - a +0 pair of boots (worn)
 j - a +0 cloak (worn)
 l - a +0 scale mail (worn)
Jewellery
 e - a ring of see invisible (left hand)
Scrolls
 d - a scroll of identify {unknown}
 f - a scroll of magic mapping {unknown}
Potions
 h - a potion of degeneration {unknown}
 i - a potion of cancellation {unknown}


   Skills:
 + Level 3.5 Fighting
 + Level 3.2 Maces & Flails
 + Level 1.5 Armour
 + Level 1.4 Stealth
 - Level 1.0 Spellcasting
 - Level 2.6 Fire Magic


You had 5 spell levels left.
You didn't know any spells.
Your spell library contained the following spells:

 Spells                   Type           Power      Damage    Failure   Level
 Scorch                   Fire           16%        2d5       47%         2
 Shock                    Conj/Air       0%         1d3       71%         1
 Portal Projectile        Hex/Tloc       0%         N/A       97%         3
 Blade Hands              Tmut           0%         N/A       100%        5
 Excruciating Wounds      Necr           0%         N/A       100%        5


Dungeon Overview and Level Annotations

Branches:
Dungeon (2/15)

Altars:

Annotations:
D:2 Sigmund


Innate Abilities, Weirdness & Mutations

You are surrounded by a moderate repulsion field. (EV +3)


Message History

There is a stone staircase leading down here.
Found 22 arrows.
b - 63 stones (gained 14)
You see here 22 arrows.
i - a glowing silvery potion A ball python comes into view.
The ball python hisses angrily.
You hit the ball python. You burn the ball python.
You kill the ball python!
You see here a ball python corpse.
A sourceless malevolence fills the Dungeon...
You fall into a shaft and drop 2 floors!
The shaft crumbles and collapses.
An ogre and an orc come into view.
The ogre shouts!
The orc shouts!
You hear a shout!
You hear a bark!
You hear a shout!
Found 5 gold pieces and a fuming puce potion.
Found a stone staircase leading down.
An orc and a quokka come into view.
The orc shouts!
An orc priest comes into view. It is wielding a +0 flail.
The orc moves out of view.
A hound and an orc come into view.
The hound barks!
The orc shouts!
You hear a shout!
An orc comes into view. It is wielding a +0 club.
The orc priest calls down the wrath of Beogh upon you.
Pain shoots through your body!
As you read the scroll labelled JEBIAL GIDA DUFEU, it crumbles to dust.
You feel strangely unstable.
It was a scroll of teleportation.
The hound bites you. The hound barely misses you. The orc barely misses you.
The hound bites you but does no damage. The hound bites you.
The orc priest barely misses you. The quokka bites you.
The orc hits you but does no damage. The hound bites you.
The orc barely misses you. The orc hits you but does no damage.
Unknown command.
Your surroundings seem slightly different.
Unknown command.
As you read the scroll of teleportation, it crumbles to dust.
You feel strangely unstable. The ogre hits you with a +0 giant club!
You die...

...+ .... #...#
###...# ...
....# #.....###
..###..##
#........
#.......#
#......#
#......###.....#
#.....>.......#
#.....o...#$.##
#..ยง.rhO@...##
#....o.o..###
#...o..o...#
#....#####.#
###### .# .+ .+


You could see an ogre, a hound, an orc priest, 4 orcs and a quokka.

Vanquished Creatures
  2 adders (D:2)
  A dart slug (D:1)
  6 endoplasms
  5 giant cockroaches
  3 goblins
  5 hobgoblins (D:1)
  4 jackals (D:2)
  2 quokkas
  3 ball pythons
  2 bats
  4 frilled lizards
  4 kobolds
  6 rats
47 creatures vanquished.

Notes
Turn   | Place    | Note
-------+----------+-------------------------------------------
     0 | D:1      | belegose the Demonspawn Cinder Acolyte began the quest for
                  | the Orb.
     0 | D:1      | Reached XP level 1. HP: 18/18 MP: 2/2
   101 | D:1      | Found a faded altar of an unknown god.
   112 | D:1      | Got Plato's Grimoire of Lightness
   539 | D:1      | Gained mutation: You are surrounded by a mild repulsion
                  | field. (EV +2) [demonic ancestry]
   539 | D:1      | Reached XP level 2. HP: 22/24 MP: 3/3
   825 | D:1      | Reached skill level 1 in Armour
  1367 | D:2      | Noticed Sigmund
  1443 | D:2      | Reached skill level 1 in Stealth
  1468 | D:2      | Reached XP level 3. HP: 27/29 MP: 4/4
  1892 | D:2      | Gained mutation: You are surrounded by a moderate repulsion
                  | field. (EV +3) [demonic ancestry]
  1892 | D:2      | Reached XP level 4. HP: 14/35 MP: 5/5
  2142 | D:2      | You fall into a shaft and drop 2 floors!
  2142 | D:4      | Noticed an ogre
  2152 | D:4      | Slain by an ogre

Illustrated notes

Levels and vault maps discovered:
D:1:      lightli_arrival_noodles, layout_basic,
          shapermc_ecumenical_altar_rom_forum, st_stairs_1,
          grunt_decor_arrowhead
D:2:      minmay_skewed_foursquare, layout_rooms, uniq_sigmund
D:4:      kennysheep_big_flooded_room, layout_basic, serial_shops,
          nicolae_shop_waterfront

Skill      XL: |  1  2 |
---------------+-------+-----
Maces & Flails | 3 |  3.2
Armour         | 1 |  1.5
Stealth        | 1 |  1.4
Fighting       | |  3.5
Spellcasting   | |  1.0
Fire Magic     | |  2.6

Action                   |  1- 3 |  4- 6 || total
-------------------------+-------+-------++-------
Melee: Mace              |   158 |     1 ||   159
       Punch             |     5 |       ||     5
Invok: Fiery Armour      |     1 |       ||     1
  Use: Scroll            |       |     2 ||     2
Armor: Robe              |    26 |       ||    26
       Ring mail         |    31 |       ||    31
       Scale mail        |     5 |     3 ||     8
Dodge: Dodged            |    84 |     4 ||    88
